 Dungeon Crawl Stone Soup version 0.30.1-11-g7821555f0a (webtiles) character file.

Game seed: 16132561158881146724

2482 Wiggles the Cleaver (level 9, -2/79 HPs)
             Began as a Minotaur Berserker on Nov 30, 2023.
             Was a Priest of Trog.
             Slain by a gnoll sergeant
             ... wielding a +0 halberd
              (7 damage)
             ... in a bailey.
             The game lasted 00:08:19 (5448 turns).

Wiggles the Cleaver (Minotaur Berserker)            Turns: 5448, Time: 00:08:20

Health: -2/79      AC: 18    Str: 26    XL:     9   Next: 27%
Magic:  8/8        EV:  8    Int:  4    God:    Trog [***...]
Gold:   347        SH:  0    Dex: 10    Spells: 8/8 levels left

rFire   . . .        f - +2 battleaxe (vamp)
rCold   . . .        (shield currently unavailable)
rNeg    + . .        A - +1 plate armour
rPois   .            (helmet restricted)
rElec   .            (no cloak)
rCorr   .            x - +2 pair of gloves
SInv    .            (no boots)
Will    .....        (no amulet) Stlth
                     c - ring of positive energy
HPRegen 0.33/turn    (no ring)
MPRegen 0.11/turn

%: no passive effects
@: weakened, on berserk cooldown, slowed, very slow
A: horns 2, retaliatory headbutt, teleportitis 1
a: Renounce Religion, Berserk, Trog's Hand


You were in a bailey.
You worshipped Trog.
Trog was most pleased with you.
You visited 2 branches of the dungeon, and saw 8 of its levels.
You also visited: Bailey.

You collected 347 gold pieces.

Inventory:

Hand Weapons
 f - a +2 vampiric battleaxe (weapon)
Missiles
 n - a throwing net (quivered)
Armour
 x - a +2 pair of gloves (worn)
 A - a +1 plate armour (worn)
Jewellery
 c - a ring of positive energy (left hand)
 g - a ring of ice
 l - a ring of magical power
 r - an amulet of faith
Wands
 a - a wand of mindburst (8)
 q - a wand of charming (15)
 s - a wand of flame (22)
Scrolls
 e - 4 scrolls of teleportation
 m - a scroll of blinking
 o - 2 scrolls of magic mapping
 u - a scroll of fog
Potions
 b - 5 potions of curing
 d - a potion of degeneration
 h - a potion of lignification
 i - 2 potions of berserk rage
 j - a potion of magic {unknown}
 k - 2 potions of haste
 p - a potion of resistance {unknown}
 t - 2 potions of might
 v - a potion of attraction {unknown}
 w - a potion of mutation
 z - 2 potions of flight


   Skills:
 + Level 7.3 Fighting
 + Level 10.7 Axes
 + Level 9.0 Armour
 + Level 3.0 Dodging
 + Level 1.0 Stealth


You had 8 spell levels left.
You didn't know any spells.
Your spell library was empty.

Dungeon Overview and Level Annotations

Branches:
Dungeon (7/15)             Temple (1/1) D:4          Bailey (1/1)

Altars:
Ashenzari
Dithmenos
Okawaru
Sif Muna

Shops:
D:1 =


Innate Abilities, Weirdness & Mutations

You have a pair of horns on your head.
You reflexively headbutt those who attack you in melee.
You are occasionally teleported next to monsters.


Message History

The gnoll hits you but does no damage.
The gnoll sergeant hits you with a +0 glaive!
* * * LOW HITPOINT WARNING * * *
The gnoll sergeant hits you but does no damage.
The gnoll bouda hits you but does no damage.
There is an open door, spattered with blood here.
You slice the gnoll sergeant!!
You feel better.
You kill the gnoll sergeant!
Trog accepts your kill.
You hit the gnoll.
You feel better.
You barely miss the gnoll sergeant. You barely miss the gnoll bouda.
The gnoll hits you but does no damage.
The gnoll bouda calls upon its god to heal the gnoll.
The gnoll's wounds heal themselves!
The gnoll barely misses you.
Items here: )) [[ ††.
You feel a strong urge to attack something.
The gnoll sergeant is no longer moving quickly.
The gnoll sergeant hits you with a +0 halberd!
* * * LOW HITPOINT WARNING * * *
You are no longer berserk.
You are exhausted.
You feel yourself slow down. The gnoll closely misses you.
The gnoll sergeant hits you with a +0 halberd.
* * * LOW HITPOINT WARNING * * *
You hit the gnoll sergeant but do no damage.
The gnoll sergeant is severely wounded.
The gnoll bouda gazes fiercely through you!
You feel as though you will be weak longer.
The gnoll bouda hits you from afar with a +0 halberd.
* * * LOW HITPOINT WARNING * * *
The gnoll closely misses you.
The gnoll sergeant hits you with a +0 halberd.
* * * LOW HITPOINT WARNING * * *
The gnoll bouda barks out a call to the hunt!
The gnoll sergeant picks up the pace!
The gnoll barely misses you.
You hit the gnoll sergeant but do no damage.
You headbutt the gnoll sergeant, but do no damage.
The gnoll sergeant is severely wounded.
The gnoll sergeant hits you with a +0 halberd!
You die...

##+## ##...##
##.....## #.......#
#..$8$..# #.......#
≈♣ #.@...# ≈♣
##g)g## ≈♣ ##g## ≈♣
#...# ≈♣ #...# ##≈♣
#.).# #.≈♣
≈.######'''######.≈♣
≈.................≈♣
≈≈...............≈≈♣


You could see a gnoll sergeant (swift), a gnoll bouda and a gnoll (swift).

Vanquished Creatures
  Grinder (D:3)
  Prince Ribbit (D:6)
  Sigmund (D:3)
  2 ice beasts (D:6)
  An orc warrior (D:6)
  2 black bears
  2 sky beasts (D:6)
  3 bullfrogs
  A gnoll sergeant (Bailey)
  3 scorpions
  4 wights (D:6)
  4 jellies
  2 hounds (Bailey)
  2 orc priests
  A gnoll bouda (D:7)
  Natasha (thrice) (D:3)
  An iguana (D:5)
  A sleepcap (D:6)
  Robin (D:4)
  9 gnolls
  7 adders
  3 white imps
  2 ufetubi (D:5)
  2 worms (D:3)
  3 dart slugs
  11 orcs
  4 ball pythons
  2 bats
  10 endoplasms
  6 giant cockroaches
  12 goblins
  5 hobgoblins
  4 jackals (D:1)
  4 quokkas
  3 frilled lizards
  5 kobolds
  2 rats
130 creatures vanquished.

Notes
Turn   | Place    | Note
-------+----------+-------------------------------------------
     0 | D:1      | Wiggles the Minotaur Berserker began the quest for the Orb.
     0 | D:1      | Reached XP level 1. HP: 19/19 MP: 0/0
   125 | D:1      | Reached skill level 4 in Axes
   167 | D:1      | Reached XP level 2. HP: 14/27 MP: 1/1
   398 | D:1      | Found Weurr's Jewellery Boutique.
   677 | D:2      | Reached ** piety under Trog
   750 | D:2      | Reached XP level 3. HP: 31/33 MP: 2/2
  1008 | D:2      | Found a shadowy altar of Dithmenos.
  1312 | D:3      | Noticed Natasha
  1323 | D:3      | Killed Natasha
  1381 | D:3      | Noticed Natasha
  1389 | D:3      | Killed Natasha
  1390 | D:3      | Reached XP level 4. HP: 19/41 MP: 3/3
  1421 | D:3      | Reached skill level 5 in Axes
  1539 | D:3      | Noticed Natasha
  1548 | D:3      | Killed Natasha
  1686 | D:3      | Noticed Sigmund
  1691 | D:3      | Killed Sigmund
  1692 | D:3      | Reached skill level 6 in Axes
  1692 | D:3      | Reached XP level 5. HP: 47/47 MP: 4/4
  1692 | D:3      | Reached XP level 6. HP: 55/55 MP: 5/5
  1756 | D:3      | Found a faded altar of an unknown god.
  1951 | D:3      | Noticed Grinder
  1972 | D:3      | Killed Grinder
  1973 | D:3      | Reached skill level 5 in Fighting
  1973 | D:3      | Reached skill level 5 in Armour
  2206 | D:4      | Found a staircase to the Ecumenical Temple.
  2982 | D:4      | Found a shimmering blue altar of Sif Muna.
  3024 | D:4      | Noticed Robin
  3025 | D:4      | Reached XP level 7. HP: 61/61 MP: 6/6
  3026 | D:4      | Killed Robin
  3027 | D:4      | Reached skill level 7 in Axes
  3085 | Temple   | Entered the Ecumenical Temple
  3104 | D:5      | Entered Level 5 of the Dungeon
  3761 | D:5      | Found an iron altar of Okawaru.
  4013 | D:6      | Reached skill level 8 in Axes
  4077 | D:6      | Reached XP level 8. HP: 70/70 MP: 7/7
  4146 | D:6      | Reached *** piety under Trog
  4154 | D:6      | Gained mutation: You are occasionally teleported next to
                  | monsters. [potion of mutation]
  4338 | D:6      | Reached skill level 9 in Axes
  4676 | D:6      | Noticed Prince Ribbit
  4700 | D:6      | HP: 3/73 [Prince Ribbit (2)]
  4708 | D:6      | Killed Prince Ribbit
  4709 | D:6      | Reached skill level 1 in Stealth
  4709 | D:6      | Reached XP level 9. HP: 8/79 MP: 8/8
  5144 | D:7      | Found a broken altar of Ashenzari.
  5287 | D:7      | Reached skill level 10 in Axes
  5351 | D:7      | Found a flagged portal.
  5362 | Bailey   | Entered a bailey
  5448 | Bailey   | Slain by a gnoll sergeant

Illustrated notes

Levels and vault maps discovered:
D:1:      evilmike_arrival_rings, layout_rooms, serial_shops,
          nicolae_shop_temple_entry_statues_fountains
D:2:      layout_basic, basic_altar, minmay_misc_feat_hallway
D:3:      layout_loops_ring, shapermc_ecumenical_altar_acropolis,
          hangedman_decor_opposing, minmay_randomly_rotated_circles,
          uniq_sigmund, uniq_grinder, uniq_natasha
D:4:      layout_basic, lemuel_round_altar, minmay_temple_entry_statues_pillars,
          minmay_fractal_squares_gapless_5, uniq_robin
D:5:      layout_cave_pools, hellmonk_okawaru_the_only_friend_you_need
D:6:      layout_cave_pools, grunt_ministairs_2, wad_floor_pattern_2,
          chequers_serial_rivers_micro_b, nrook_uturn, uniq_prince_ribbit1
D:7:      layout_loops_corners, nicolae_ashenzari_panopticon, enter_bailey_3
Temple:   hc_temple_tempest_star
Bailey:   bailey_polearm_gnolls_kennysheep, bailey

Skill      XL: |  1  2  3  4  5  6  7  8  9 |
---------------+----------------------------+-----
Axes           | 4 6 8 9 10 | 10.7
Fighting       | 4 5 7 |  7.3
Armour         | 3 4 5 7 8 9 |  9.0
Dodging        | 3 |  3.0
Stealth        | 1 |  1.0

Action                     |  1- 3 |  4- 6 |  7- 9 || total
---------------------------+-------+-------+-------++-------
  Melee: Hand axe          |    65 |    70 |    39 ||   174
         Headbutt          |    11 |    12 |    24 ||    47
         War axe           |       |       |    49 ||    49
         Battleaxe         |       |       |    89 ||    89
         Punch             |       |       |     3 ||     3
 Invoke: Berserk           |       |     2 |     4 ||     6
         Trog's Hand       |       |       |     1 ||     1
    Use: Scroll            |       |       |    21 ||    21
         Potion            |       |       |     1 ||     1
   Stab: Distracted        |     1 |       |       ||     1
 Armour: Chain mail        |    38 |    30 |       ||    68
         Plate armour      |       |     4 |   180 ||   184
  Dodge: Dodged            |    33 |    25 |   130 ||   188
